[ AOE2 MATCH · #462000331 ]
Team RMBohemians vs Portuguese
[ REPLAY ANALYSIS · EXTRACTED FROM THE RECORDED GAME ]
Feudal
7:36
Castle
13:50
Imperial
29:28
| APM avg | 31.2 |
| APM peak | 63 |
| eAPM avg | 16.1 |
| Villagers / military | 103 / 131 |
Focus
⚔️ 31.3% · 🌾 68.7%
Spearman ×66 · Hand Cannoneer ×45 · Hussite Wagon ×8 · Bombard Cannon ×6 · Monk ×3 · Archer ×1
Feudal
6:54
Castle
12:38
Imperial
27:27
| APM avg | 21.1 |
| APM peak | 52 |
| eAPM avg | 19.0 |
| Villagers / military | 105 / 293 |
Focus
⚔️ 44.1% · 🌾 55.9%
Spearman ×79 · Militia ×69 · Hand Cannoneer ×53 · Scout Cavalry ×49 · Bombard Cannon ×26 · Trade Cart ×11
Feudal
7:12
Castle
11:26
Imperial
26:35
| APM avg | 25.1 |
| APM peak | 42 |
| eAPM avg | 17.1 |
| Villagers / military | 139 / 413 |
Focus
⚔️ 29.2% · 🌾 70.8%
Leitis ×211 · Skirmisher ×174 · Spearman ×20 · Trade Cart ×6 · Monk ×4 · Trebuchet (Packed) ×4
Feudal
7:37
Castle
11:59
Imperial
25:49
| APM avg | 20.8 |
| APM peak | 59 |
| eAPM avg | 13.0 |
| Villagers / military | 92 / 394 |
Focus
⚔️ 46.4% · 🌾 53.6%
Huskarl ×314 · Spearman ×64 · Trebuchet (Packed) ×8 · Militia ×5 · Monk ×3
Match map
Initial resources + every placement click. Lines = walls · curves = elevation contours. ◆ gold · ⬟ stone · ● berries · ✦ relic · ◌ wall gap
Your base· ✓ Closed at 13:50 · 0t walls · 8 gate(s)
Lyndizzle's base· ✓ Closed at 12:38 · 0t walls · 7 gate(s)
Floki's base· ✓ Closed at 11:26 · 0t walls · 8 gate(s)
Tomito's base· ✓ Closed at 11:59 · 0t walls · 7 gate(s)
Smoothed initial terrain · ◌ = detected wall gap · hover for details
Inputs per minute
— Shankzera - - Lyndizzle
Build order — Shankzera
First 150 of 414 actions detected
| 0:26 | Create | Villager (Male) |
| 0:27 | Create | Villager (Male) |
| 0:27 | Create | Villager (Male) |
| 0:27 | Create | Villager (Male) |
| 0:28 | Create | Villager (Male) |
| 0:49 | Research | Loom |
| 0:49 | Create | Villager (Male) |
| 0:52 | Create | Villager (Male) |
| 1:12 | Build | Lumber Camp |
| 1:36 | Create | Villager (Male) |
| 1:49 | Build | Mill |
| 1:56 | Create | Villager (Male) |
| 2:20 | Create | Villager (Male) |
| 2:36 | Create | Villager (Male) |
| 3:29 | Create | Villager (Male) |
| 3:52 | Create | Villager (Male) |
| 4:19 | Create | Villager (Male) |
| 4:45 | Build | Mining Camp |
| 5:00 | Create | Villager (Male) |
| 5:26 | Research | Feudal Age |
| 6:20 | Create | Villager (Male) |
| 7:00 | Build | Farm |
| 7:01 | Build | Farm |
| 7:02 | Build | Farm |
| 7:04 | Build | Farm |
| 7:36 | Age | Feudal Age |
| 7:39 | Build | Market |
| 8:03 | Create | Villager (Male) |
| 8:25 | Research | Double-Bit Axe |
| 8:28 | Create | Villager (Male) |
| 8:46 | Build | Blacksmith |
| 8:58 | Create | Villager (Male) |
| 9:02 | Build | Farm |
| 9:20 | Create | Villager (Male) |
| 9:30 | Build | Farm |
| 9:46 | Build | Farm |
| 9:50 | Create | Villager (Male) |
| 10:20 | Create | Villager (Male) |
| 10:23 | Create | Villager (Male) |
| 10:29 | Build | Mining Camp |
| 11:08 | Research | Castle Age |
| 12:13 | Build | Stable |
| 12:35 | Build | Archery Range |
| 12:39 | Create | Spearman |
| 12:39 | Create | Spearman |
| 12:40 | Create | Spearman |
| 12:40 | Create | Spearman |
| 13:12 | Research | Fletching |
| 13:19 | Research | Padded Archer Armor |
| 13:49 | Create | Villager (Male) |
| 13:50 | Age | Castle Age |
| 13:51 | Create | Villager (Male) |
| 13:52 | Create | Villager (Male) |
| 14:05 | Build | University |
| 14:12 | Create | Villager (Male) |
| 14:27 | Build | Town Center |
| 14:50 | Create | Villager (Male) |
| 15:46 | Research | Chemistry |
| 15:54 | Create | Hussite Wagon |
| 16:02 | Create | Villager (Male) |
| 16:03 | Create | Villager (Male) |
| 16:12 | Build | Farm |
| 16:13 | Build | Farm |
| 16:38 | Build | Farm |
| 17:08 | Build | Farm |
| 17:10 | Create | Villager (Male) |
| 17:11 | Create | Villager (Male) |
| 17:11 | Create | Villager (Male) |
| 17:12 | Create | Villager (Male) |
| 17:17 | Create | Villager (Male) |
| 17:18 | Create | Villager (Male) |
| 17:18 | Create | Villager (Male) |
| 17:19 | Create | Villager (Male) |
| 17:27 | Create | Hand Cannoneer |
| 17:28 | Create | Hand Cannoneer |
| 17:28 | Create | Hand Cannoneer |
| 17:29 | Create | Hand Cannoneer |
| 17:33 | Create | Hand Cannoneer |
| 17:44 | Build | Farm |
| 17:53 | Build | House |
| 17:55 | Build | House |
| 17:55 | Build | House |
| 17:55 | Build | House |
| 17:56 | Build | House |
| 18:08 | Create | Villager (Male) |
| 18:10 | Create | Villager (Male) |
| 18:50 | Create | Villager (Male) |
| 18:55 | Build | Lumber Camp |
| 19:08 | Research | Bodkin Arrow |
| 19:58 | Build | Monastery |
| 19:59 | Create | Villager (Male) |
| 20:00 | Create | Villager (Male) |
| 20:00 | Create | Villager (Male) |
| 20:01 | Create | Villager (Male) |
| 20:01 | Create | Villager (Male) |
| 20:05 | Build | Farm |
| 20:05 | Build | Farm |
| 20:06 | Build | Farm |
| 20:30 | Build | Castle |
| 20:41 | Create | Hussite Wagon |
| 20:41 | Create | Hussite Wagon |
| 20:49 | Create | Monk |
| 21:02 | Build | Siege Workshop |
| 21:08 | Build | Farm |
| 21:11 | Create | Villager (Male) |
| 21:12 | Create | Villager (Male) |
| 21:13 | Create | Villager (Male) |
| 21:13 | Create | Villager (Male) |
| 21:24 | Build | House |
| 21:25 | Build | House |
| 21:25 | Build | House |
| 21:25 | Build | House |
| 21:26 | Build | House |
| 21:26 | Build | House |
| 22:10 | Create | Villager (Male) |
| 22:24 | Build | Lumber Camp |
| 22:32 | Build | Lumber Camp |
| 22:40 | Build | Mining Camp |
| 22:43 | Build | Town Center |
| 22:56 | Create | Villager (Male) |
| 22:57 | Create | Villager (Male) |
| 22:58 | Create | Villager (Male) |
| 23:10 | Create | Hand Cannoneer |
| 23:10 | Create | Hand Cannoneer |
| 23:12 | Create | Hand Cannoneer |
| 23:31 | Build | Archery Range |
| 23:34 | Create | Villager (Male) |
| 23:35 | Create | Villager (Male) |
| 23:45 | Build | Farm |
| 24:03 | Build | Mill |
| 24:04 | Build | Farm |
| 24:05 | Build | Farm |
| 24:05 | Build | Farm |
| 24:05 | Build | Farm |
| 24:06 | Build | Farm |
| 24:07 | Build | Farm |
| 24:12 | Research | Bow Saw |
| 24:18 | Create | Mangonel |
| 24:26 | Create | Villager (Male) |
| 24:33 | Create | Villager (Male) |
| 25:22 | Research | Wheelbarrow |
| 25:25 | Create | Villager (Male) |
| 25:29 | Create | Villager (Male) |
| 25:35 | Build | Farm |
| 25:36 | Build | Farm |
| 26:18 | Research | Imperial Age |
| 26:24 | Create | Hand Cannoneer |
| 26:24 | Create | Hand Cannoneer |
| 26:42 | Build | Farm |
| 26:42 | Build | Farm |
Build order — Lyndizzle
First 150 of 617 actions detected
| 0:05 | Build | Mill |
| 0:12 | Build | Lumber Camp |
| 0:22 | Create | Villager (Male) |
| 0:22 | Create | Villager (Male) |
| 0:22 | Create | Villager (Male) |
| 0:23 | Create | Villager (Male) |
| 1:49 | Create | Villager (Male) |
| 2:25 | Create | Villager (Male) |
| 2:40 | Build | Mining Camp |
| 2:42 | Create | Villager (Male) |
| 3:10 | Create | Villager (Male) |
| 3:43 | Create | Villager (Male) |
| 4:12 | Create | Villager (Male) |
| 4:44 | Research | Feudal Age |
| 5:16 | Create | Villager (Male) |
| 6:15 | Create | Villager (Male) |
| 6:31 | Create | Villager (Male) |
| 6:54 | Age | Feudal Age |
| 7:45 | Create | Villager (Male) |
| 7:47 | Build | Market |
| 7:50 | Build | Blacksmith |
| 7:55 | Create | Villager (Male) |
| 8:37 | Build | Farm |
| 8:50 | Create | Villager (Male) |
| 9:04 | Build | Farm |
| 9:16 | Build | Farm |
| 9:20 | Build | Farm |
| 9:24 | Build | Farm |
| 9:33 | Create | Villager (Male) |
| 9:42 | Research | Castle Age |
| 10:00 | Research | Double-Bit Axe |
| 10:22 | Create | Villager (Male) |
| 10:29 | Research | Horse Collar |
| 11:01 | Create | Villager (Male) |
| 11:37 | Create | Villager (Male) |
| 12:08 | Create | Villager (Male) |
| 12:26 | Create | Villager (Male) |
| 12:38 | Age | Castle Age |
| 12:47 | Build | Monastery |
| 13:12 | Build | Town Center |
| 13:32 | Research | Bow Saw |
| 13:48 | Create | Monk |
| 14:20 | Create | Villager (Male) |
| 14:28 | Research | Heavy Plow |
| 14:37 | Create | Villager (Male) |
| 15:00 | Create | Villager (Male) |
| 15:12 | Create | Villager (Male) |
| 15:13 | Create | Villager (Male) |
| 15:13 | Create | Villager (Male) |
| 15:23 | Create | Villager (Male) |
| 15:41 | Build | Town Center |
| 15:46 | Create | Villager (Male) |
| 15:47 | Create | Villager (Male) |
| 15:51 | Create | Villager (Male) |
| 16:08 | Create | Villager (Male) |
| 16:22 | Create | Villager (Male) |
| 16:23 | Create | Villager (Male) |
| 16:30 | Build | Barracks |
| 16:34 | Build | Farm |
| 16:35 | Create | Villager (Male) |
| 16:53 | Build | Farm |
| 17:02 | Create | Villager (Male) |
| 17:14 | Build | Archery Range |
| 17:19 | Create | Villager (Male) |
| 17:23 | Build | Farm |
| 17:28 | Create | Villager (Male) |
| 17:41 | Build | House |
| 17:43 | Build | House |
| 17:46 | Build | House |
| 17:48 | Build | House |
| 17:51 | Build | House |
| 17:52 | Build | House |
| 17:58 | Build | Farm |
| 17:59 | Create | Villager (Male) |
| 18:05 | Create | Villager (Male) |
| 18:09 | Build | Farm |
| 18:16 | Create | Villager (Male) |
| 18:19 | Create | Villager (Male) |
| 18:36 | Build | Farm |
| 18:42 | Create | Villager (Male) |
| 18:47 | Create | Villager (Male) |
| 18:50 | Build | Farm |
| 18:58 | Build | Farm |
| 19:00 | Create | Villager (Male) |
| 19:03 | Build | Farm |
| 19:05 | Create | Villager (Male) |
| 19:10 | Build | Barracks |
| 19:51 | Create | Villager (Male) |
| 19:53 | Build | Farm |
| 19:57 | Create | Villager (Male) |
| 20:17 | Build | Farm |
| 20:18 | Build | Farm |
| 20:23 | Create | Spearman |
| 20:24 | Create | Spearman |
| 20:26 | Create | Villager (Male) |
| 20:28 | Build | Farm |
| 20:39 | Build | Castle |
| 20:57 | Build | University |
| 20:58 | Create | Villager (Male) |
| 21:04 | Build | Farm |
| 21:11 | Build | Farm |
| 21:14 | Create | Villager (Male) |
| 21:14 | Create | Villager (Male) |
| 21:15 | Create | Villager (Male) |
| 21:21 | Build | Farm |
| 21:26 | Build | House |
| 21:27 | Build | House |
| 21:29 | Build | House |
| 21:31 | Build | House |
| 21:35 | Create | Villager (Male) |
| 21:37 | Create | Villager (Male) |
| 21:38 | Create | Villager (Male) |
| 21:40 | Create | Villager (Male) |
| 21:43 | Create | Villager (Male) |
| 21:44 | Create | Villager (Male) |
| 21:55 | Research | Wheelbarrow |
| 22:04 | Build | Farm |
| 22:06 | Create | Villager (Male) |
| 22:28 | Create | Villager (Male) |
| 22:34 | Build | Farm |
| 22:42 | Create | Villager (Male) |
| 22:47 | Create | Villager (Male) |
| 22:50 | Build | Farm |
| 22:54 | Create | Villager (Male) |
| 23:03 | Build | Siege Workshop |
| 23:13 | Create | Villager (Male) |
| 23:17 | Build | Farm |
| 23:18 | Create | Villager (Male) |
| 23:20 | Create | Villager (Male) |
| 23:23 | Build | Farm |
| 23:38 | Build | Barracks |
| 23:52 | Build | Barracks |
| 23:54 | Build | Archery Range |
| 24:02 | Create | Spearman |
| 24:11 | Build | Farm |
| 24:12 | Build | Farm |
| 24:17 | Research | Imperial Age |
| 24:20 | Create | Villager (Male) |
| 24:26 | Build | Mill |
| 24:30 | Build | Farm |
| 24:32 | Create | Villager (Male) |
| 24:45 | Research | Gold Mining |
| 24:46 | Research | Stone Mining |
| 24:51 | Create | Villager (Male) |
| 24:55 | Build | Mining Camp |
| 24:58 | Create | Villager (Male) |
| 25:12 | Build | Stable |
| 25:16 | Build | Archery Range |
| 25:18 | Build | Barracks |
| 25:26 | Build | Siege Workshop |
Build order — Floki
First 150 of 391 actions detected
| 0:02 | Create | Villager (Male) ×5 |
| 0:07 | Build | Lumber Camp |
| 0:34 | Build | Mill |
| 1:26 | Create | Villager (Male) ×3 |
| 1:26 | Create | Villager (Male) ×3 |
| 1:27 | Create | Villager (Male) ×3 |
| 2:10 | Create | Villager (Male) ×2 |
| 2:11 | Create | Villager (Male) ×2 |
| 2:11 | Create | Villager (Male) ×2 |
| 2:23 | Build | House |
| 2:32 | Create | Villager (Male) ×2 |
| 2:32 | Create | Villager (Male) ×2 |
| 2:48 | Create | Villager (Male) |
| 2:48 | Create | Villager (Male) |
| 3:15 | Create | Villager (Male) |
| 3:15 | Create | Villager (Male) |
| 3:38 | Build | Mining Camp |
| 4:01 | Create | Villager (Male) |
| 4:01 | Create | Villager (Male) |
| 4:01 | Create | Villager (Male) |
| 4:02 | Create | Villager (Male) |
| 4:43 | Build | Farm |
| 4:51 | Research | Feudal Age |
| 4:53 | Research | Loom |
| 4:55 | Create | Villager (Male) |
| 7:12 | Age | Feudal Age |
| 7:22 | Research | Double-Bit Axe |
| 7:31 | Build | Market |
| 7:37 | Build | Blacksmith |
| 8:01 | Create | Villager (Male) |
| 8:46 | Research | Castle Age |
| 8:46 | Research | Castle Age |
| 8:52 | Build | Barracks |
| 9:02 | Build | Farm |
| 9:19 | Build | Farm |
| 10:17 | Create | Spearman |
| 10:47 | Research | Horse Collar |
| 11:09 | Research | Forging |
| 11:26 | Age | Castle Age |
| 11:32 | Create | Villager (Male) |
| 11:32 | Create | Villager (Male) |
| 11:32 | Create | Villager (Male) |
| 12:05 | Build | Monastery |
| 12:11 | Create | Villager (Male) |
| 12:47 | Build | Lumber Camp |
| 12:53 | Create | Monk |
| 13:07 | Create | Villager (Male) |
| 13:11 | Create | Villager (Male) |
| 13:19 | Build | Town Center |
| 13:35 | Create | Villager (Male) |
| 13:36 | Create | Villager (Male) |
| 13:39 | Create | Monk |
| 14:14 | Create | Villager (Male) |
| 14:26 | Build | Farm |
| 14:27 | Build | Farm |
| 14:28 | Build | Farm |
| 14:29 | Build | Farm |
| 14:30 | Build | Farm |
| 14:35 | Create | Villager (Male) |
| 14:35 | Create | Villager (Male) |
| 14:55 | Create | Villager (Male) |
| 14:57 | Create | Villager (Male) |
| 15:04 | Build | Farm |
| 15:09 | Build | House |
| 15:09 | Build | House |
| 15:35 | Build | Farm |
| 15:38 | Research | Wheelbarrow |
| 15:42 | Create | Villager (Male) |
| 16:19 | Create | Monk |
| 16:22 | Create | Villager (Male) |
| 16:24 | Create | Villager (Male) |
| 16:25 | Create | Villager (Male) |
| 16:25 | Create | Villager (Male) |
| 16:37 | Build | Town Center |
| 16:44 | Create | Villager (Male) |
| 16:44 | Create | Villager (Male) |
| 17:22 | Build | Farm |
| 17:23 | Build | Farm |
| 17:31 | Build | Farm |
| 17:32 | Build | Farm |
| 17:39 | Create | Villager (Male) |
| 17:42 | Create | Villager (Male) |
| 17:48 | Create | Villager (Male) |
| 17:52 | Research | Bow Saw |
| 17:57 | Research | Heavy Plow |
| 18:01 | Create | Villager (Male) |
| 18:04 | Create | Villager (Male) |
| 18:04 | Create | Villager (Male) |
| 18:25 | Create | Leitis ×2 |
| 18:42 | Build | Mill |
| 18:46 | Create | Villager (Male) |
| 18:47 | Create | Villager (Male) |
| 18:47 | Create | Villager (Male) |
| 18:54 | Create | Leitis |
| 18:55 | Create | Leitis |
| 19:13 | Build | Farm |
| 19:13 | Build | Farm |
| 19:13 | Build | Farm |
| 19:13 | Build | Farm |
| 19:13 | Build | Farm |
| 19:14 | Build | Farm |
| 19:14 | Build | Farm |
| 19:14 | Build | Farm |
| 19:14 | Build | Farm |
| 19:15 | Build | Farm |
| 19:15 | Build | Farm |
| 19:15 | Build | Farm |
| 19:19 | Create | Villager (Male) |
| 19:22 | Create | Villager (Male) |
| 19:22 | Create | Villager (Male) |
| 19:27 | Create | Villager (Male) |
| 19:55 | Create | Leitis ×5 |
| 20:06 | Build | Lumber Camp |
| 20:44 | Build | Town Center |
| 20:50 | Create | Villager (Male) |
| 20:51 | Create | Villager (Male) |
| 20:52 | Create | Villager (Male) |
| 20:52 | Create | Villager (Male) |
| 20:58 | Create | Villager (Male) |
| 20:58 | Create | Villager (Male) |
| 21:01 | Build | House |
| 21:01 | Build | House |
| 21:26 | Build | Farm |
| 21:36 | Create | Villager (Male) |
| 21:38 | Create | Villager (Male) |
| 21:39 | Create | Villager (Male) |
| 21:45 | Build | House |
| 21:45 | Build | House |
| 21:45 | Build | House |
| 21:51 | Build | Town Center |
| 22:00 | Create | Leitis |
| 22:00 | Create | Leitis |
| 22:01 | Create | Leitis |
| 22:06 | Build | Stable |
| 22:13 | Build | House |
| 22:13 | Build | House |
| 22:15 | Build | House |
| 22:26 | Create | Villager (Male) |
| 22:26 | Create | Villager (Male) |
| 22:30 | Create | Villager (Male) |
| 22:30 | Create | Villager (Male) |
| 22:45 | Build | Farm |
| 22:46 | Build | Farm |
| 22:47 | Build | Farm |
| 22:55 | Create | Villager (Male) |
| 22:55 | Create | Villager (Male) |
| 23:17 | Build | Lumber Camp |
| 23:25 | Research | Imperial Age |
| 23:27 | Create | Villager (Male) |
| 23:27 | Create | Villager (Male) |
Build order — Tomito
First 150 of 414 actions detected
| 0:09 | Build | Mill |
| 0:14 | Build | Lumber Camp |
| 0:16 | Create | Villager (Male) |
| 0:16 | Create | Villager (Male) |
| 0:17 | Create | Villager (Male) |
| 0:26 | Research | Loom |
| 0:27 | Create | Villager (Male) |
| 0:28 | Create | Villager (Male) |
| 0:28 | Create | Villager (Male) |
| 0:28 | Create | Villager (Male) |
| 0:29 | Create | Villager (Male) |
| 0:29 | Create | Villager (Male) |
| 0:58 | Create | Villager (Male) |
| 1:32 | Create | Villager (Male) |
| 2:18 | Create | Villager (Male) |
| 2:26 | Build | Farm |
| 2:44 | Create | Villager (Male) |
| 3:19 | Create | Villager (Male) |
| 3:20 | Create | Villager (Male) |
| 3:43 | Create | Villager (Male) |
| 4:26 | Create | Villager (Male) |
| 4:59 | Build | Farm |
| 5:16 | Research | Feudal Age |
| 5:25 | Build | Farm |
| 5:38 | Build | Mining Camp |
| 5:51 | Create | Villager (Male) |
| 6:21 | Create | Villager (Male) |
| 6:26 | Create | Villager (Male) |
| 6:27 | Create | Villager (Male) |
| 7:19 | Create | Villager (Male) |
| 7:37 | Age | Feudal Age |
| 7:48 | Build | Market |
| 7:58 | Research | Double-Bit Axe |
| 8:45 | Build | Blacksmith |
| 9:17 | Research | Castle Age |
| 9:31 | Build | Farm |
| 9:46 | Build | Farm |
| 9:48 | Build | Farm |
| 9:58 | Create | Villager (Male) |
| 9:59 | Create | Villager (Male) |
| 10:34 | Create | Villager (Male) |
| 11:00 | Build | Mining Camp |
| 11:14 | Create | Villager (Male) |
| 11:59 | Age | Castle Age |
| 12:03 | Build | Town Center |
| 12:07 | Create | Villager (Male) |
| 12:16 | Research | Horse Collar |
| 12:44 | Create | Huskarl |
| 12:45 | Create | Huskarl |
| 12:45 | Create | Huskarl |
| 12:46 | Create | Huskarl |
| 12:51 | Research | Forging |
| 12:58 | Research | Scale Mail Armor |
| 13:11 | Build | Farm |
| 13:12 | Build | Farm |
| 13:13 | Build | Farm |
| 13:28 | Create | Huskarl |
| 13:52 | Create | Villager (Male) |
| 13:55 | Create | Villager (Male) |
| 14:00 | Build | Farm |
| 14:00 | Build | Farm |
| 14:14 | Build | Farm |
| 14:24 | Create | Villager (Male) |
| 14:26 | Create | Villager (Male) |
| 14:27 | Create | Villager (Male) |
| 14:38 | Build | House |
| 14:42 | Build | House |
| 14:44 | Create | Villager (Male) |
| 14:50 | Create | Villager (Male) |
| 14:57 | Build | Farm |
| 14:59 | Build | Farm |
| 15:02 | Create | Villager (Male) |
| 15:07 | Create | Villager (Male) |
| 15:14 | Build | Farm |
| 15:17 | Create | Huskarl |
| 15:42 | Build | House |
| 15:55 | Build | Monastery |
| 16:01 | Create | Huskarl |
| 16:04 | Create | Villager (Male) |
| 16:06 | Create | Villager (Male) |
| 16:22 | Build | House |
| 16:23 | Build | House |
| 16:25 | Create | Villager (Male) |
| 16:26 | Create | Villager (Male) |
| 16:28 | Create | Villager (Male) |
| 16:32 | Build | Farm |
| 16:40 | Research | Gold Mining |
| 16:45 | Create | Villager (Male) |
| 16:47 | Create | Villager (Male) |
| 16:56 | Build | Farm |
| 17:01 | Create | Monk |
| 17:04 | Research | Fervor |
| 17:05 | Create | Monk |
| 17:09 | Create | Huskarl |
| 17:09 | Create | Huskarl |
| 17:26 | Create | Huskarl |
| 17:36 | Research | Pikeman (upgrade) |
| 17:45 | Create | Villager (Male) |
| 18:09 | Research | Wheelbarrow |
| 18:10 | Research | Wheelbarrow |
| 18:13 | Create | Villager (Male) |
| 18:37 | Create | Villager (Male) |
| 18:40 | Create | Villager (Male) |
| 18:44 | Build | Farm |
| 18:47 | Build | Farm |
| 18:51 | Build | Farm |
| 19:05 | Create | Monk |
| 19:09 | Create | Villager (Male) |
| 19:09 | Create | Villager (Male) |
| 19:28 | Build | Town Center |
| 19:33 | Create | Villager (Male) |
| 19:35 | Create | Villager (Male) |
| 19:39 | Build | Farm |
| 19:43 | Build | Farm |
| 19:50 | Create | Villager (Male) |
| 19:50 | Create | Villager (Male) |
| 19:58 | Build | Farm |
| 20:04 | Build | House |
| 20:05 | Build | House |
| 20:22 | Research | Squires |
| 20:32 | Build | Barracks |
| 21:09 | Build | House |
| 21:10 | Build | House |
| 21:22 | Create | Villager (Male) |
| 21:22 | Create | Villager (Male) |
| 21:22 | Create | Villager (Male) |
| 21:30 | Create | Villager (Male) |
| 21:31 | Create | Villager (Male) |
| 21:34 | Create | Villager (Male) |
| 21:34 | Create | Villager (Male) |
| 21:35 | Build | Farm |
| 21:39 | Build | House |
| 21:44 | Build | House |
| 21:46 | Build | House |
| 21:47 | Build | House |
| 21:48 | Build | House |
| 22:15 | Create | Villager (Male) |
| 22:39 | Research | Imperial Age |
| 22:49 | Build | Castle |
| 22:55 | Create | Villager (Male) |
| 23:03 | Create | Villager (Male) |
| 23:17 | Build | Farm |
| 23:19 | Build | Farm |
| 23:28 | Create | Huskarl |
| 23:28 | Create | Huskarl |
| 23:29 | Create | Huskarl |
| 23:41 | Build | Lumber Camp |
| 23:46 | Research | Bow Saw |
| 23:52 | Build | House |
| 23:53 | Build | House |
Match timeline
| 6:54 | Lyndizzle · age_up feudal |
| 7:12 | Floki · age_up feudal |
| 7:36 | Shankzera · age_up feudal |
| 7:37 | Tomito · age_up feudal |
| 8:52 | Floki · first_building Barracks |
| 9:44 | Tomito · first_market_buy 100 wood |
| 11:02 | Shankzera · first_market_buy 100 food |
| 11:26 | Floki · age_up castle |
| 11:59 | Tomito · age_up castle |
| 12:05 | Floki · first_building Monastery |
| 12:13 | Shankzera · first_building Stable |
| 12:35 | Shankzera · first_building Archery Range |
| 12:38 | Lyndizzle · age_up castle |
| 12:47 | Lyndizzle · first_building Monastery |
| 13:50 | Shankzera · age_up castle |
| 15:55 | Tomito · first_building Monastery |
| 16:30 | Lyndizzle · first_building Barracks |
| 17:14 | Lyndizzle · first_building Archery Range |
| 19:58 | Shankzera · first_building Monastery |
| 20:30 | Shankzera · first_building Castle |
| 20:32 | Tomito · first_building Barracks |
| 20:39 | Lyndizzle · first_building Castle |
| 21:02 | Shankzera · first_building Siege Workshop |
| 22:06 | Floki · first_building Stable |
| 22:38 | Tomito · first_market_sell 100 wood |
| 22:49 | Tomito · first_building Castle |
| 23:03 | Lyndizzle · first_building Siege Workshop |
| 23:50 | Shankzera · first_market_sell 100 wood |
| 25:04 | Floki · first_building Archery Range |
| 25:12 | Lyndizzle · first_building Stable |
| 25:49 | Tomito · age_up imperial |
| 26:35 | Floki · age_up imperial |
| 27:27 | Lyndizzle · age_up imperial |
| 27:56 | Shankzera · first_building Barracks |
| 29:28 | Shankzera · age_up imperial |
| 29:51 | Floki · first_building Castle |
| 30:24 | Tomito · first_building Archery Range |
| 34:28 | Floki · first_market_sell 100 food |
| 42:15 | Lyndizzle · first_market_sell 100 wood |
| 44:03 | Lyndizzle · first_market_buy 100 stone |
| 48:44 | Floki · wall_segment Stone Wall x6 |
| 51:40 | Tomito · resign |
[ AI ANALYSIS · 1 CREDIT ]
What really happened in this match?
Wolo.gg analyzes every decision: build order, eco, micro, common mistakes by bracket. Personalized analysis on WhatsApp or Discord in 30 seconds.
Civ guide
Bohemians
Map guide
Fortress
Perfil
Jugador #5979596